 Dungeon Crawl Stone Soup version 0.30.1-11-g7821555f0a (webtiles) character file.

Game seed: 3603812464239981628

1978666 octoduck the Gnoll Aeon (level 27, 12/207 (224) HPs)
             Began as a Gnoll Monk on Dec 19, 2023.
             Was the Champion of Cheibriados.
             Escaped with the Orb
             ... and 4 runes on Dec 24, 2023!
             The game lasted 09:07:43 (91580 turns).

octoduck the Gnoll Aeon (Gnoll Monk)               Turns: 91580, Time: 09:07:43

HP:   12/207 (224)  AC: 55    Str: 35    XL:     27
MP:   46/46         EV: 26    Int: 33    God:    Cheibriados [******]
Gold: 6180          SH: 28    Dex: 33    Spells: 9/64 levels left

rFire   + + .        b - +3 greatsling "Punk" {acid, rCorr}
rCold   + + .        W - +5 kite shield {reflect}
rNeg    . . .        u - +10 crystal plate armour "Xuaz" {rElec rF+}
rPois   .            c - +3 crown of Dyrovepreva {rElec Int+2 SInv}
rElec   +            o - scarf {rC+ rF+}
rCorr   +            D - +2 pair of gloves of the Leaf {rC+}
SInv    +            w - +2 pair of boots "Memuny" {rCorr Str+4 Slay+2}
Will    ++...        m - amulet of magic regeneration
Stlth   +            v - ring "Egahu" {Wiz rF+ Dex+3}
HPRegen 0.54/turn    Z - ring of the Tortoise {AC+8}
MPRegen 0.70/turn

%: reflection, wizardry (x1)
@: drained, very slow
A: fangs 1, strong nose, distributed training, hooves 1, large bone plates 1,
clumsy 1, heat vulnerability 1
0: Orb of Zot
}: 4/15 runes: decaying, serpentine, slimy, silver
a: Renounce Religion, Bend Time, Temporal Distortion, Slouch, Step From Time


You escaped.
You worshipped Cheibriados.
Cheibriados was exalted by your worship.
You visited 12 branches of the dungeon, and saw 54 of its levels.
You visited 1 bazaar.
You also visited: Bailey, Ice Cave and Volcano.

You collected 13242 gold pieces.
You spent 7062 gold pieces at shops.

Inventory:

Hand Weapons
 a - the +9 sword of Zonguldrok {reap}
   (You found it on level 2 of the Depths)
 b - the +3 greatsling "Punk" (weapon) {acid, rCorr}
   (You bought it in a shop on level 11 of the Dungeon)

   rCorr:     It protects you from acid and corrosion.
Missiles
 p - 17 javelins
 H - 4 throwing nets
Armour
 c - the +3 crown of Dyrovepreva (worn) {rElec Int+2 SInv}
   (You found it on level 5 of the Vaults)

   Int:       It affects your intelligence (+2).
   rElec:     It insulates you from electricity.
   SInv:      It lets you see invisible.
 o - a scarf of resistance (worn)
 u - the +10 crystal plate armour "Xuaz" (worn) {rElec rF+}
   (You bought it in a shop in a bazaar)

   rF:        It protects you from fire.
   rElec:     It insulates you from electricity.
 w - the +2 pair of boots "Memuny" (worn) {rCorr Str+4 Slay+2}
   (You acquired it on level 5 of the Lair of Beasts)

   Str:       It affects your strength (+4).
   Slay:      It affects your accuracy & damage with ranged weapons and melee
   (+2).
   rCorr:     It protects you from acid and corrosion.
 D - the +2 pair of gloves of the Leaf (worn) {rC+}
   (You bought it in a shop on level 12 of the Dungeon)

   rC:        It protects you from cold.
 W - a +5 kite shield of reflection (worn)
Magical Staves
 x - the staff of death "Ful Ifosy" {rF+ rN+ Will+++ Int+5}
   (You found it in an ice cave)

   [staff of death]

   Base accuracy: +5 Base damage: 5 Base attack delay: 1.2 This weapon's minimum
   attack delay (0.6) is reached at skill level 12.
   Int:       It affects your intelligence (+5).
   rF:        It protects you from fire.
   rN:        It protects you from negative energy.
   Will:      It greatly increases your willpower.
   It falls into the 'Staves' category.
   It is a one-handed weapon.
Jewellery
 f - the ring "Soutup" {rC+ EV+5 Slay+2}
   (You took it off a deep elf pyromancer on level 3 of the Elven Halls)

   [ring of evasion]

   EV:        It affects your evasion (+5).
   Slay:      It affects your accuracy & damage with ranged weapons and melee
   (+2).
   rC:        It protects you from cold.
 m - an amulet of magic regeneration (around neck)
 r - a ring of ice
 v - the ring "Egahu" (left hand) {Wiz rF+ Dex+3}
   (You found it on level 5 of the Vaults)

   [ring of wizardry]

   It improves your spell success rate.
   Dex:       It affects your dexterity (+3).
   rF:        It protects you from fire.
 G - an amulet of faith
 X - a ring of poison resistance
 Z - the ring of the Tortoise (right hand) {AC+8}
   (You bought it in a shop on level 3 of the Elven Halls)

   [ring of protection]

   AC:        It affects your AC (+8).
Wands
 e - a wand of iceblast (55)
 k - a wand of light (52)
 y - a wand of flame (110)
 J - a wand of digging (20)
 K - a wand of polymorph (39)
 T - a wand of mindburst (41)
 U - a wand of paralysis (94)
Scrolls
 i - 16 scrolls of enchant weapon
 j - 15 scrolls of enchant armour
 l - 8 scrolls of vulnerability
 n - 16 scrolls of teleportation
 q - 4 scrolls of brand weapon
 s - 9 scrolls of blinking
 t - 11 scrolls of fog
 z - 9 scrolls of fear
 I - 5 scrolls of butterflies
 O - 6 scrolls of silence
 P - 3 scrolls of magic mapping
 Q - 8 scrolls of amnesia
Potions
 d - 12 potions of curing
 g - 8 potions of brilliance
 A - a potion of invisibility
 B - 5 potions of heal wounds
 C - 3 potions of cancellation
 E - 8 potions of magic
 M - 8 potions of flight
 N - 9 potions of might
Miscellaneous
 h - a condenser vane
 F - a lightning rod (4/4)
 R - a box of beasts
 V - a phantom mirror (inert)


   Skills:
 + Level 20.2 Fighting
 + Level 19.3 Short Blades
 + Level 20.2 Long Blades
 + Level 19.3 Axes
 + Level 19.3 Maces & Flails
 + Level 19.3 Polearms
 + Level 19.3 Staves
 + Level 19.3 Ranged Weapons
 + Level 19.3 Throwing
 + Level 19.3 Armour
 + Level 20.2 Dodging
 + Level 19.3 Stealth
 + Level 19.3 Shields
 + Level 19.3 Unarmed Combat
 + Level 19.3 Spellcasting
 + Level 16.5 Conjurations
 + Level 16.5 Hexes
 + Level 16.5 Summonings
 + Level 16.5 Necromancy
 + Level 16.5 Translocations
 + Level 16.5 Transmutations
 + Level 16.5 Fire Magic
 + Level 16.5 Ice Magic
 + Level 16.5 Air Magic
 + Level 16.5 Earth Magic
 + Level 16.5 Poison Magic
 + Level 20.9 Invocations
 + Level 19.3 Evocations


You had 9 spell levels left.
You knew the following spells:

 Your Spells              Type           Power      Damage    Failure   Level
a - Blink                 Tloc           100%       N/A       0%          2
b - Apportation           Tloc           100%       N/A       0%          1
c - Lesser Beckoning      Tloc           100%       N/A       0%          2
d - Freezing Cloud        Conj/Ice/Air   48%        6-21      1%          5
e - Sublimation of Blood  Necr           96%        N/A       0%          2
f - Portal Projectile     Hex/Tloc       100%       N/A       1%          3
g - Tukima's Dance        Hex            96%        N/A       1%          3
h - Teleport Other        Tloc           96%        N/A       1%          3
i - Airstrike             Air            48%        2d(7-23)  1%          4
j - Borgnjor's Vile Clut  Necr/Erth      48%        N/A       1%          5
k - Irradiate             Conj/Tmut      48%        3d27      1%          5
l - Static Discharge      Conj/Air       100%       2-7/arc   0%          2
m - Simulacrum            Ice/Necr       48%        N/A       1%          6
n - Dispersal             Tloc           48%        N/A       1%          6
o - Iron Shot             Conj/Erth      48%        9d9       1%          6

Your spell library contained the following spells:

 Spells                   Type           Power      Damage    Failure   Level
 Foxfire                  Conj/Fire      100%       2x1d9     0%          1
 Freeze                   Ice            100%       1d10      0%          1
 Kiss of Death            Conj/Necr      100%       2d13      0%          1
 Magic Dart               Conj           100%       1d8       0%          1
 Necrotise                Necr           100%       1d9       0%          1
 Shock                    Conj/Air       100%       1d9       0%          1
 Sting                    Tmut/Pois      100%       1d8       0%          1
 Cigotuvi's Dreadful Rot  Necr/Pois/Air  100%       N/A       0%          2
 Ensorcelled Hibernation  Hex/Ice        100%       N/A       0%          2
 Momentum Strike          Conj/Tloc      100%       3d10      0%          2
 Passwall                 Tmut/Erth      80%        N/A       0%          2
 Poisonous Vapours        Pois/Air       100%       N/A       0%          2
 Wereblood                Tmut           96%        N/A       0%          2
 Confusing Touch          Hex            96%        N/A       1%          3
 Dazzling Flash           Conj/Hex       100%       N/A       1%          3
 Frozen Ramparts          Ice            100%       1d16      1%          3
 Gell's Gravitas          Tloc           96%        N/A       1%          3
 Hailstorm                Conj/Ice       96%        3d19      1%          3
 Ignite Poison            Fire/Tmut/Pois 96%        N/A       1%          3
 Inner Flame              Hex/Fire       96%        N/A       1%          3
 Mephitic Cloud           Conj/Pois/Air  96%        N/A       1%          3
 Ozocubu's Armour         Ice            96%        N/A       1%          3
 Spider Form              Tmut/Pois      96%        N/A       1%          3
 Stone Arrow              Conj/Erth      100%       3d13      1%          3
 Summon Guardian Golem    Hex/Summ       96%        N/A       1%          3
 Swiftness                Air            96%        N/A       1%          3
 Vampiric Draining        Necr           96%        2d12      1%          3
 Vhi's Electric Charge    Tloc/Air       100%       N/A       1%          3
 Volatile Blastmotes      Fire/Tloc      100%       2d18      1%          3
 Anguish                  Hex/Necr       48%        N/A       1%          4
 Animate Armour           Summ/Erth      100%       N/A       1%          4
 Animate Dead             Necr           96%        N/A       1%          4
 Cause Fear               Hex            48%        N/A       1%          4
 Dispel Undead            Necr           96%        3d30      1%          4
 Flame Wave               Conj/Fire      96%        2d20      1%          4
 Iskenderun's Mystic Bla  Conj/Tloc      96%        2d19      1%          4
 Leda's Liquefaction      Hex/Erth       48%        N/A       1%          4
 Manifold Assault         Tloc           96%        N/A       1%          4
 Olgreb's Toxic Radiance  Pois           96%        N/A       1%          4
 Passage of Golubria      Tloc           96%        N/A       1%          4
 Petrify                  Tmut/Erth      96%        N/A       1%          4
 Sticky Flame             Conj/Fire      96%        2d11      1%          4
 Summon Lightning Spire   Summ/Air       96%        N/A       1%          4
 Agony                    Necr           96%        N/A       1%          5
 Alistair's Intoxication  Tmut/Pois      64%        N/A       1%          5
 Arcjolt                  Conj/Air       48%        1d58      1%          5
 Blade Hands              Tmut           48%        N/A       1%          5
 Fireball                 Conj/Fire      48%        3d19      1%          5
 Iskenderun's Battlesphe  Conj           96%        2d14      1%          5
 Lee's Rapid Deconstruct  Erth           48%        3d23*     1%          5
 Metabolic Englaciation   Hex/Ice        48%        N/A       1%          5
 Silence                  Hex/Air        48%        N/A       1%          5
 Summon Forest            Summ/Tloc      48%        N/A       1%          5
 Summon Mana Viper        Hex/Summ       96%        N/A       1%          5
 Yara's Violent Unravell  Hex/Tmut       48%        3d19      1%          5
 Death Channel            Necr           48%        N/A       1%          6
 Plasma Beam              Fire/Air       48%        2x1d68    1%          6
 Starburst                Conj/Fire      48%        6d13      1%          6
 Statue Form              Tmut/Erth      64%        N/A       1%          6
 Summon Cactus Giant      Summ           48%        N/A       1%          6
 Dragon Form              Tmut           48%        N/A       4%          7
 Enfeeble                 Hex            48%        N/A       4%          7
 Haunt                    Necr/Summ      48%        N/A       4%          7
 Orb of Destruction       Conj           48%        9d13      4%          7
 Ozocubu's Refrigeration  Ice            48%        4d18      4%          7
 Spellforged Servitor     Conj/Summ      48%        N/A       4%          7
 Storm Form               Tmut/Air       48%        N/A       4%          7
 Summon Hydra             Summ           48%        N/A       4%          7
 Discord                  Hex            48%        N/A       28%         8
 Disjunction              Tloc           48%        N/A       28%         8
 Ignition                 Fire           48%        3d14      28%         8
 Lehudib's Crystal Spear  Conj/Erth      48%        10d11     28%         8
 Maxwell's Capacitive Co  Air            48%        ∞         28%         8
 Necromutation            Tmut/Necr      48%        N/A       28%         8
 Summon Horrible Things   Summ           48%        N/A       28%         8
 Death's Door             Necr           48%        N/A       98%         9
 Dragon's Call            Summ           48%        N/A       98%         9


Dungeon Overview and Level Annotations

Branches:
Dungeon (15/15)            Temple (1/1) D:6            Lair (5/5) D:8
  Swamp (4/4) Lair:3        Snake (4/4) Lair:3        Slime (5/5) Lair:5
    Orc (2/2) D:10            Elf (3/3) Orc:2        Vaults (5/5) D:13
  Crypt (1/3) Vaults:2     Depths (4/4) D:15            Zot (5/5) Depths:4
 Bailey (visited)           IceCv (visited)         Volcano (visited)

Altars:
Ashenzari
Cheibriados
Dithmenos
Elyvilon
Fedhas
Gozag
Hepliaklqana
Kikubaaqudgha
Makhleb
Nemelex Xobeh
Okawaru
Qazlal
Ru
Sif Muna
Trog
Uskayaw
Vehumet
Wu Jian
Xom
Yredelemnul
Zin
The Shining One
Lugonu

Shops:
D:5 (***   D:11 *   D:12 [   D:13 *   Orc:1 *   Orc:2 [:(?[?=:   Elf:3 (:==
Vaults:1 ([   Vaults:3 *   Vaults:5 (   Depths:1 [(   Depths:2 *   Depths:3 ![

Portals:
Hell: Depths:1 Depths:2 Depths:3 Depths:4
Abyss: Depths:1 Depths:3
Pandemonium: Depths:2
Ziggurat: Depths:4

Annotations:
D:4 exclusion: door
Swamp:1 2 transporters
Elf:2 2 runed translucent doors
Vaults:2 2 transporters, HilariousDeathArtist's ghost, adept CeWn
Vaults:3 2 transporters
Depths:2 exclusion: upstairs
Depths:4 Stash -- demon whip


Innate Abilities, Weirdness & Mutations

You have very sharp teeth.
Your uncanny sense of smell can sniff out nearby items.
Your experience applies equally to all skills.
You have large cloven feet.
You are partially covered in large bone plates. (SH +4)
You are clumsy. (Dex -2)
You are vulnerable to heat. (rF-)


Message History

The tormentor calls on the powers of darkness!
Your body is wracked with pain!
Casting: Borgnjor's Vile Clutch (safe; 1% risk of failure)
Confirm with . or Enter, or press ? or * to list all spells.
Aiming: Iron Shot (mildly dangerous; 1% risk of failure)
Press: ? - help, Shift-Dir - straight line, f/p - tormentor
Aim: a tormentor (lightly wounded, constricted by zombie hands, 100% to hit)
The iron shot hits the tormentor!!!
You kill the tormentor!
Cheibriados thoroughly appreciates the change of pace.
(D) Dungeon (T) Temple (L) Lair (S) Swamp (P) Snake Pit (M) Slime Pits (O) Orcish Mines (E) Elven Halls (V) Vaults (C) Crypt (U) Depths (H) Hell (Z) Zot
Where to? (Enter - D:1 @ (x,y), ? - help)
What level of the Dungeon? (default 1, ? - help) Magic restored.
A Tzitzimitl comes into view.
Casting: Iron Shot (mildly dangerous; 1% risk of failure)
Confirm with . or Enter, or press ? or * to list all spells.
Aiming: Borgnjor's Vile Clutch (safe; 1% risk of failure)
Press: ? - help, Shift-Dir - straight line, f - Tzitzimitl
Aim: a Tzitzimitl (100% to hit)
Zombie hands grab the Tzitzimitl.
The zombie hands constrict the Tzitzimitl, but do no damage.
The zombie hands constrict the Tzitzimitl.
The Tzitzimitl struggles to escape constriction. x2
The zombie hands constrict the Tzitzimitl!!!
The Tzitzimitl struggles to escape constriction. x2
The zombie hands lose their grip on something.
The Tzitzimitl calls on the powers of darkness!
Your body is wracked with pain!
* * * LOW HITPOINT WARNING * * *
There is an open door here.
A reaper comes into view.
It is wielding a +7 scythe of protection.
There is a staircase leading out of the dungeon here.
The Tzitzimitl gestures at you. The bolt of negative energy hits you!!!
You feel drained.
* * * LOW HITPOINT WARNING * * *
You have escaped!

#.........[....# #.#####.
#.>....###.....####### #.##....
#......# #2..........# #.##....
#......# #..1..#####.# #.......
#......# ###.### #.# ###.....
##......# #...# #.######.....
........# #.#.# #......'.....
#.......# ###'############...##
..#.##.## ♣♣♣♣..@.≈~≈≈≈≈≈≈≈#...#
........#♣♣P.....~~PP~≈~~..'...#
....#####♣...P.~~~PPP~~....#...#
#...# ###.....~~PPP~≈~....♣#...#
....# #.'....~≈~~~~~.....♣♣#####
###.###.#≈~~≈≈~..<.....♣♣♣ ###
........#########'########## #..
###.#........#.............####..
.............#......##...........


You could see a Tzitzimitl and a reaper.

Vanquished Creatures
  the Royal Jelly (Slime:5)
  4 dread liches
  2 ancient liches
  An orb of fire (Zot:5)
  Mara (Elf:3)
  A juggernaut (Depths:2)
  Boris (Vaults:4)
  4 Killer Klowns
  Vv (Depths:4)
  Bai Suzhen (Vaults:4)
  Saint Roka (Depths:2)
  The ghost of Gimnoub the Bludgeoner, a veteran AtFi of Ru (Swamp:2)
  Vashnia (Snake:4)
  A curse toe (Zot:4)
  Nikola (Snake:2)
  4 caustic shrikes (Depths:3)
  12 golden dragons
  Jory (Vaults:4)
  A doom hound (Depths:1)
  5 bone dragons
  4 electric golems
  A Tzitzimitl (Depths:1)
  A hellephant (D:15)
  12 tentacled monstrosities
  Grunn (Depths:2)
  4 liches
  13 Orb Guardians
  2 deep elf master archers (Elf:3)
  2 deep elf blademasters (Elf:3)
  16 acid blobs
  7 quicksilver dragons
  4 titans
  The ghost of Aqifug the Severer, an adept MiGl of Dithmenos (Swamp:2)
  4 sphinxes
  An ancient champion (Vaults:2)
  6 shadow dragons
  2 walking frostbound tomes (Depths:2)
  Frances (Elf:1)
  5 death cobs
  A thorn hunter (Swamp:2)
  A shadow dragon (shapeshifter) (Depths:3)
  2 tengu reavers
  Roxanne (Snake:2)
  A draconian monk (Zot:3)
  The ghost of Sokuv the Ruinous, an adept DECj of Sif Muna (Snake:4)
  Kirke (D:14)
  12 rockslimes
  3 fenstrider witches (Swamp:4)
  17 storm dragons
  Donald (Swamp:3)
  7 fire giants
  The ghost of sheffield53 the Severer, a journeyman MiBe of Trog (Elf:1)
  9 nagarajas
  4 frost giants
  12 azure jellies
  6 deep elf sorcerers (Elf:3)
  A juggernaut zombie (Depths:2)
  2 iron dragons
  2 draconian knights
  A draconian shifter (Zot:5)
  9 draconian scorchers
  9 vault wardens
  2 ghost moths (Zot:3)
  A deep elf elementalist (Elf:3)
  A curse skull (Crypt:1)
  5 ghouls (Swamp:4)
  3 spriggan defenders (Depths:4)
  3 reapers
  2 war gargoyles
  5 draconian annihilators
  A demonspawn corrupter (D:8)
  6 very ugly things
  The ghost of edwinsage the Destroyer, an adept VSCj of Hepliaklqana (Snake:1)
  9 ironbound thunderhulks
  8 ironbound preservers
  13 draconian stormcallers
  14 stone giants
  A caustic shrike skeleton (Depths:2)
  2 juggernaut skeletons (Depths:2)
  5 deep elf demonologists
  5 green draconians
  2 vampire knights
  8 quicksilver oozes
  8 yellow draconians
  9 eleionomae
  Azrael (Snake:2)
  7 deep elf annihilators
  7 black draconians
  7 red draconians
  10 white draconians
  14 purple draconians
  6 dire elephants
  2 eidola (Crypt:1)
  A spark wasp (Depths:2)
  4 bunyips
  12 ettins
  A blizzard demon (Swamp:4)
  8 deep elf death magi
  2 crystal guardians
  3 jiangshi (Depths:1)
  6 deep elf high priests
  4 fire dragons
  12 yaktaur captains
  28 vault guards
  A shambling mangrove (Swamp:2)
  5 rakshasas
  A spriggan zombie (Depths:2)
  16 hydras
  Harold (D:10)
  8 great orbs of eyes
  3 ice dragons
  4 salamander tyrants
  3 peacekeepers
  6 spriggan air magi
  Erolcha (Orc:2)
  3 ghost crabs (Swamp:4)
  A quicksilver dragon skeleton (Depths:2)
  3 catoblepae (Lair:5)
  14 centaur warriors
  5 ogre magi
  13 anacondas
  5 boulder beetles
  4 ironbound frosthearts
  8 two-headed ogres
  A death knight (D:14)
  5 deep troll earth magi
  10 death yaks
  14 alligators
  5 deep troll shamans
  4 vampire magi
  4 tengu warriors
  9 naga warriors
  2 hell knights
  8 spriggan berserkers
  A titan zombie (Depths:2)
  11 spriggans
  12 naga sharpshooters
  10 shock serpents
  2 soul eaters (Swamp:4)
  2 sun demons (Depths:2)
  2 storm dragon zombies (Depths:2)
  6 deep elf knights
  A sixfirhy (D:15)
  2 skysharks (shapeshifter)
  6 iron trolls
  A storm dragon skeleton (Depths:2)
  Nergalle (Orc:2)
  A sea snake (Snake:2)
  A shadow wraith (Vaults:5)
  7 spriggan druids
  7 goliath frogs
  5 flayed ghosts
  6 salamander mystics
  17 skeletal warriors
  2 bog bodies (Swamp:3)
  An orb spider (shapeshifter) (Vaults:5)
  A death drake (shapeshifter) (D:14)
  2 golden dragon zombies (Depths:2)
  29 deep trolls
  2 glowing orange brains
  9 swamp dragons
  2 naga ritualists
  19 ironbound convokers
  10 wizards
  13 deep elf archers
  6 necromancers
  3 shadow dragon zombies
  17 lindwurms
  A harpy (shapeshifter) (D:14)
  3 wolf spiders
  An iron dragon zombie (Depths:2)
  29 deep elf pyromancers
  Pikel (D:4)
  5 harpies
  5 phantasmal warriors
  21 deep elf zephyrmancers
  6 mana vipers
  10 cyclopes
  2 golden dragon skeletons (Depths:2)
  10 orc sorcerers
  7 shining eyes
  2 tengu skeletons (Depths:2)
  3 orc knights
  A frost giant zombie (Vaults:5)
  An oklob plant (Orc:1)
  9 manticores
  2 sphinx skeletons (Depths:2)
  30 ugly things
  19 salamanders
  3 will-o-the-wisps
  An iron dragon skeleton (Depths:2)
  A fire giant skeleton (Depths:2)
  2 cyclopes (shapeshifter) (Vaults:5)
  15 elephants
  25 moths of wrath
  A guardian serpent (shapeshifter) (D:14)
  12 naga magi
  A frost giant skeleton (Depths:2)
  4 guardian serpents
  3 eyes of devastation
  15 vault sentinels
  A centaur zombie (Crypt:1)
  2 ice statues (IceCv)
  A water nymph (shapeshifter) (D:14)
  21 black mambas
  3 orange demons (Swamp:4)
  4 gargoyles (Volcano)
  2 molten gargoyles (Volcano)
  A torpor snail (Lair:2)
  3 cane toads
  A white draconian zombie (Zot:2)
  The ghost of ChrisAssaf the Sneak, a novice DjBr of Ru (D:4)
  A storm dragon simulacrum (Crypt:1)
  A green draconian zombie (Crypt:1)
  An unseen horror (shapeshifter) (Vaults:5)
  28 yaktaurs
  Psyche (D:11)
  10 komodo dragons
  9 rime drakes
  4 freezing wraiths
  4 tengu conjurers
  A tormentor (D:1)
  2 kobold demonologists (D:10)
  10 ice devils
  An efreet (D:15)
  2 bloated husks (Swamp:3)
  A hellwing (Swamp:4)
  5 trolls
  A tarantella (shapeshifter) (D:14)
  15 hornets
  A polar bear (Lair:5)
  7 tyrant leeches
  A raiju (shapeshifter) (D:15)
  Prince Ribbit (D:6)
  14 blink frogs
  A fire dragon skeleton (Crypt:1)
  A centaur simulacrum (Crypt:1)
  9 water elementals
  5 air elementals
  99 slime creatures
  An ice dragon skeleton (Crypt:1)
  A ynoxinul (D:2)
  3 wraiths
  A vampire (D:9)
  2 shadows
  Sigmund (D:2)
  4 wyverns
  2 slime creature zombies (Slime:3)
  20 humans (D:13)
  37 yaks
  5 basilisks
  8 fire elementals
  11 vampire mosquitoes
  A hog (D:13)
  7 golden eyes
  3 neqoxecs
  A steam dragon (D:8)
  23 dancing weapons
  2 death yak simulacra (IceCv)
  4 redbacks (Vaults:5)
  A chaos spawn (D:15)
  Menkaure (D:5)
  A two-headed ogre zombie (D:10)
  21 swamp worms
  4 wargs
  38 nagas
  18 water moccasins
  2 hydra simulacra (IceCv)
  3 acid dragons
  A floating eye (Depths:2)
  2 glowing shapeshifter skeletons (Depths:2)
  2 hell hounds (Snake:2)
  3 swamp drakes
  27 orc warriors
  A black bear (D:4)
  2 human zombies
  2 sky beasts
  An ice beast (D:6)
  12 ogres
  3 wolves (Lair:2)
  4 centaurs
  2 phantoms
  4 kobold brigands
  A necrophage (Swamp:4)
  2 two-headed ogre simulacra (IceCv)
  2 gnoll sergeants
  12 bullfrogs
  3 earth elementals
  3 scorpions
  2 cane toad simulacra (IceCv)
  14 wights
  23 killer bees
  An elephant simulacrum (IceCv)
  A troll zombie (D:10)
  4 howler monkeys
  3 electric eels
  3 lava snakes
  2 hounds
  A jelly (D:6)
  7 orc priests
  2 iguanas
  Natasha (thrice) (D:3)
  39 orc wizards
  4 hell rats (Lair:3)
  5 spriggan simulacra (IceCv)
  A polar bear simulacrum (IceCv)
  2 troll simulacra (IceCv)
  6 ogre zombies (D:10)
  15 adders
  17 gnolls
  8 river rats (Lair:3)
  A shadow imp (D:5)
  A steam dragon skeleton (Crypt:1)
  4 white imps
  4 ufetubi
  6 dart slugs
  80 orcs
  6 endoplasms
  2 giant cockroaches (D:2)
  6 goblins
  7 hobgoblins
  7 jackals
  16 kobolds
  8 quokkas
  3 ball pythons
  4 bats
  4 frilled lizards
  2 goblin skeletons (D:10)
  A goblin zombie (D:10)
  2 hobgoblin zombies (D:10)
  3 orc skeletons (D:10)
  16 orc zombies
  13 rats
  A butterfly (Lair:2)
2071 creatures vanquished.

Vanquished Creatures (collateral kills)
  2 orbs of fire (Zot:5)
  A Killer Klown (Zot:5)
  A curse toe (Zot:3)
  A caustic shrike (Depths:3)
  A golden dragon (Zot:3)
  An electric golem (Zot:4)
  2 tentacled monstrosities (Zot:3)
  13 Orb Guardians (Zot:5)
  3 acid blobs
  2 titans (Vaults:5)
  4 quicksilver dragons
  A death cob (Zot:4)
  2 tengu reavers (Vaults:5)
  A draconian monk (Zot:3)
  3 shadow dragons
  3 storm dragons
  A rockslime (Slime:5)
  3 draconian knights
  An azure jelly (Slime:5)
  3 vault wardens
  Aizul (Vaults:2)
  3 draconian scorchers
  5 draconian stormcallers
  2 quicksilver oozes (Slime:5)
  A war gargoyle (Vaults:5)
  4 ironbound preservers
  2 draconian annihilators
  4 stone giants
  3 ironbound thunderhulks (Vaults:4)
  4 very ugly things
  3 green draconians (Zot:3)
  5 black draconians
  3 red draconians
  A dire elephant (Vaults:2)
  6 yellow draconians
  12 purple draconians
  A demonspawn black sun (D:8)
  3 white draconians
  2 ettins (Vaults:5)
  A fire dragon (shapeshifter) (Vaults:5)
  2 yaktaur captains
  An ice dragon (Depths:3)
  5 vault guards (Vaults:5)
  3 great orbs of eyes
  A rakshasa (Depths:3)
  2 hydras (Zot:3)
  A two-headed ogre (shapeshifter) (Depths:3)
  A centaur warrior (Vaults:4)
  A boulder beetle (Vaults:1)
  2 deep troll earth magi (Depths:4)
  A two-headed ogre (Vaults:5)
  A spriggan berserker (Depths:3)
  A death drake (Zot:3)
  8 deep trolls
  An iron troll (Depths:4)
  A shadow demon (D:8)
  A lindwurm (Vaults:1)
  A wizard (Vaults:3)
  2 orc knights
  2 ugly things (Vaults:4)
  A necromancer (Vaults:3)
  A faun (shapeshifter) (Depths:3)
  4 moths of wrath
  3 vault sentinels
  An eye of devastation (shapeshifter) (Vaults:5)
  An eye of devastation (Slime:5)
  A torpor snail (shapeshifter) (Vaults:5)
  A yaktaur (Vaults:1)
  28 slime creatures
  An ogre (Vaults:5)
  A wight (D:9)
  2 killer bees (D:9)
  An orc wizard (D:9)
  3 orcs (Bailey)
  A goblin skeleton (D:10)
  2 orc zombies (D:10)
205 creatures vanquished.

Vanquished Creatures (others)
  A draconian knight (Zot:3)
  A caustic shrike zombie (Depths:3)
  An ironbound preserver (Vaults:3)
  An acid blob zombie (Slime:5)
  A quicksilver dragon zombie (Depths:4)
  An Orb Guardian zombie (Zot:5)
  An azure jelly zombie (Slime:5)
  A titan zombie (Vaults:5)
  3 quicksilver ooze zombies
  A ghost moth zombie (Zot:3)
  3 storm dragon zombies
  A tengu zombie (Vaults:5)
  2 deep elf zephyrmancers (Elf:1)
  A shadow dragon zombie (Depths:3)
  A fire giant zombie (Depths:3)
  A deep elf pyromancer (Elf:3)
  A centaur zombie (Vaults:1)
  A white draconian zombie (Depths:4)
  A yellow draconian zombie (Zot:4)
  3 purple draconian zombies
  An iron troll zombie (Depths:4)
  An orb spider zombie (Vaults:5)
  9 human zombies
  A redback zombie (Vaults:5)
  A bloated husk (Swamp:1)
  3 moth of wrath zombies
  A great orb of eyes zombie (Vaults:1)
  An ettin zombie (Depths:3)
  An ice dragon zombie (Depths:3)
  A fire dragon zombie (Depths:3)
  A dancing weapon (Depths:1)
  10 slime creature zombies
  3 humans (D:14)
  A chaos spawn (Swamp:4)
  3 deep troll zombies
  A skyshark zombie (Depths:4)
  A two-headed ogre zombie (Vaults:5)
  3 elf zombies
  A lindwurm zombie (Vaults:1)
  An orc wizard (D:14)
  An ogre zombie (Vaults:5)
  8 foxfires
81 creatures vanquished.

Grand Total: 2357 creatures vanquished

Notes
Turn   | Place    | Note
-------+----------+-------------------------------------------
     0 | D:1      | octoduck the Gnoll Monk began the quest for the Orb.
     0 | D:1      | Reached XP level 1. HP: 23/23 MP: 1/1
   210 | D:1      | Reached XP level 2. HP: 29/29 MP: 2/2
   702 | D:1      | Reached XP level 3. HP: 35/35 MP: 3/3
  1192 | D:2      | Noticed Sigmund
  1381 | D:2      | Reached skill level 1 in Invocations
  1416 | D:2      | Reached skill level 1 in Short Blades
  1416 | D:2      | Reached skill level 1 in Axes
  1416 | D:2      | Reached skill level 1 in Maces & Flails
  1416 | D:2      | Reached skill level 1 in Polearms
  1416 | D:2      | Reached skill level 1 in Staves
  1416 | D:2      | Reached skill level 1 in Ranged Weapons
  1416 | D:2      | Reached skill level 1 in Throwing
  1416 | D:2      | Reached skill level 1 in Armour
  1416 | D:2      | Reached skill level 1 in Stealth
  1416 | D:2      | Reached skill level 1 in Shields
  1416 | D:2      | Reached skill level 1 in Unarmed Combat
  1416 | D:2      | Reached skill level 1 in Spellcasting
  1416 | D:2      | Reached skill level 1 in Evocations
  1499 | D:2      | Reached XP level 4. HP: 16/41 MP: 5/5
  1663 | D:2      | You fall into a shaft and drop 2 floors!
  1726 | D:4      | Reached skill level 1 in Conjurations
  1726 | D:4      | Reached skill level 1 in Hexes
  1726 | D:4      | Reached skill level 1 in Summonings
  1726 | D:4      | Reached skill level 1 in Necromancy
  1726 | D:4      | Reached skill level 1 in Translocations
  1726 | D:4      | Reached skill level 1 in Transmutations
  1726 | D:4      | Reached skill level 1 in Fire Magic
  1726 | D:4      | Reached skill level 1 in Ice Magic
  1726 | D:4      | Reached skill level 1 in Air Magic
  1726 | D:4      | Reached skill level 1 in Earth Magic
  1726 | D:4      | Reached skill level 1 in Poison Magic
  1824 | D:4      | Reached XP level 5. HP: 47/47 MP: 5/7
  2024 | D:4      | Found a runed translucent door.
  2024 | D:4      | Noticed a hornet
  2024 | D:4      | Noticed ChrisAssaf's ghost (novice DjBr)
  2286 | D:2      | Learned a level 2 spell: Static Discharge
  2288 | D:2      | Learned a level 1 spell: Apportation
  2740 | D:3      | Reached XP level 6. HP: 23/53 MP: 8/8
  2972 | D:3      | Noticed Natasha
  3004 | D:3      | Killed Natasha
  3173 | D:3      | Noticed Natasha
  3177 | D:3      | Killed Natasha
  3251 | D:3      | Found a snail-covered altar of Cheibriados.
  3259 | D:3      | Became a worshipper of Cheibriados the Contemplative
  3259 | D:3      | Reached * piety under Cheibriados
  3259 | D:3      | Reached ** piety under Cheibriados
  3271 | D:3      | Noticed Natasha
  3283 | D:3      | Killed Natasha
  3728 | D:4      | Noticed Pikel
  3754 | D:4      | Killed Pikel
  3755 | D:4      | Reached XP level 7. HP: 22/60 MP: 9/11
  3945 | D:4      | Found a shimmering blue altar of Sif Muna.
  3975 | D:4      | Found a white marble altar of Elyvilon.
  4032 | D:4      | Found an ornate altar of the Wu Jian Council.
  4056 | D:4      | Reached XP level 8. HP: 37/67 MP: 12/12
  4621 | D:5      | Entered Level 5 of the Dungeon
  4647 | D:5      | Noticed Menkaure
  4652 | D:5      | Killed Menkaure
  4686 | D:5      | Found Qoosull's Assorted Antiques.
  4693 | D:5      | Bought a scroll of identify for 52 gold pieces
  4972 | D:5      | Found Gicse's Weapon Shop.
  5056 | D:5      | Found Utziwej's Assorted Antiques.
  5196 | D:5      | Reached *** piety under Cheibriados
  5334 | D:5      | Found Maisikyo's Assorted Antiques.
  5340 | D:5      | Bought a scroll of identify for 54 gold pieces
  5619 | D:6      | Found a staircase to the Ecumenical Temple.
  5638 | Temple   | Entered the Ecumenical Temple
  5754 | D:6      | Learned a level 2 spell: Lesser Beckoning
  5758 | D:6      | Learned a level 3 spell: Volatile Blastmotes
  5885 | D:6      | Reached XP level 9. HP: 73/73 MP: 14/14
  5992 | D:6      | Noticed Prince Ribbit
  6005 | D:6      | Killed Prince Ribbit
  6581 | D:7      | Reached skill level 5 in Invocations
  7045 | D:5      | Bought a heavily runed turquoise ring for 135 gold pieces
  7045 | D:5      | Identified the ring of Vanity {AC+4 Int+3} (You bought it
                  | in a shop on level 5 of the Dungeon)
  7090 | D:7      | Reached **** piety under Cheibriados
  7308 | D:2      | Killed Sigmund
  7473 | D:7      | Identified the +3 morningstar "Kifrus" {vamp, rElec}
  8136 | D:8      | Reached skill level 5 in Short Blades
  8136 | D:8      | Reached skill level 5 in Axes
  8136 | D:8      | Reached skill level 5 in Maces & Flails
  8136 | D:8      | Reached skill level 5 in Polearms
  8136 | D:8      | Reached skill level 5 in Staves
  8136 | D:8      | Reached skill level 5 in Ranged Weapons
  8136 | D:8      | Reached skill level 5 in Throwing
  8136 | D:8      | Reached skill level 5 in Armour
  8136 | D:8      | Reached skill level 5 in Stealth
  8136 | D:8      | Reached skill level 5 in Shields
  8136 | D:8      | Reached skill level 5 in Unarmed Combat
  8136 | D:8      | Reached skill level 5 in Spellcasting
  8136 | D:8      | Reached skill level 5 in Evocations
  8136 | D:8      | Reached XP level 10. HP: 81/81 MP: 17/17
  8258 | D:8      | Found a staircase to the Lair.
  8270 | D:8      | Learned a level 3 spell: Mephitic Cloud
  8719 | D:8      | Found a burning altar of Makhleb.
  8785 | D:8      | Learned a level 3 spell: Portal Projectile
  8789 | D:8      | Learned a level 3 spell: Tukima's Dance
  8793 | D:8      | Learned a level 3 spell: Teleport Other
  9440 | D:9      | Reached ***** piety under Cheibriados
  9492 | D:9      | Noticed a cyclops
  9504 | D:9      | Killed a cyclops
  9505 | D:9      | Reached skill level 5 in Conjurations
  9505 | D:9      | Reached skill level 5 in Hexes
  9505 | D:9      | Reached skill level 5 in Summonings
  9505 | D:9      | Reached skill level 5 in Necromancy
  9505 | D:9      | Reached skill level 5 in Translocations
  9505 | D:9      | Reached skill level 5 in Transmutations
  9505 | D:9      | Reached skill level 5 in Fire Magic
  9505 | D:9      | Reached skill level 5 in Ice Magic
  9505 | D:9      | Reached skill level 5 in Air Magic
  9505 | D:9      | Reached skill level 5 in Earth Magic
  9505 | D:9      | Reached skill level 5 in Poison Magic
  9505 | D:9      | Reached XP level 11. HP: 89/89 MP: 18/20
  9777 | D:5      | Bought a twisted iron wand for 108 gold pieces
  9777 | D:5      | Bought a glowing bone wand for 108 gold pieces
 10133 | D:9      | Found a stormy altar of Qazlal.
 10701 | D:10     | Entered Level 10 of the Dungeon
 10752 | D:10     | Found a flagged portal.
 10764 | Bailey   | Entered a bailey
 10896 | Bailey   | Noticed an orc knight
 10908 | Bailey   | Killed an orc knight
 11031 | D:10     | Reached ****** piety under Cheibriados
 11125 | D:10     | Found a staircase to the Orcish Mines.
 11456 | D:10     | Noticed a lindwurm
 11457 | D:10     | Noticed a lindwurm
 11457 | D:10     | Noticed a lindwurm
 11463 | D:10     | Noticed a lindwurm
 11625 | D:10     | Noticed Harold
 11639 | D:10     | Killed Harold
 11810 | D:10     | Killed a lindwurm
 12021 | D:10     | Killed a lindwurm
 12022 | D:10     | Reached XP level 12. HP: 79/97 MP: 16/22
 12728 | D:11     | Learned a level 4 spell: Airstrike
 12978 | D:11     | Noticed Psyche
 12988 | D:11     | Killed Psyche
 13308 | D:11     | Reached skill level 10 in Fighting
 13308 | D:11     | Reached skill level 10 in Long Blades
 13308 | D:11     | Reached skill level 10 in Dodging
 13446 | D:11     | Found Cowodaaq's General Store.
 13840 | Lair:1   | Entered Level 1 of the Lair of Beasts
 13894 | Lair:1   | Found a frozen archway.
 13917 | IceCv    | Entered an ice cave
 15456 | IceCv    | HP: 2/97 [three-headed hydra simulacrum (16)]
 15846 | IceCv    | Noticed a reaper
 15857 | IceCv    | Killed a reaper
 16172 | IceCv    | Identified the staff of death "Ful Ifosy" {rF+ rN+ Will+++
                  | Int+5}
 16766 | Lair:1   | Identified the +0 ring mail of Carchyry {Rampage Str+3}
 16857 | Lair:1   | Reached XP level 13. HP: 104/104 MP: 25/25
 17181 | Lair:2   | Identified the +1 chain mail "Habomoha" {Stlth+}
 17199 | Lair:2   | Found the +4 skin of Zhor {*Englaciate rC+++ SInv}
 18041 | Lair:2   | Found a snail-covered altar of Cheibriados.
 18261 | D:11     | Bought the +3 greatsling "Punk" {acid, rCorr} for 406 gold
                  | pieces
 18261 | D:11     | Found the +3 greatsling "Punk" {acid, rCorr}
 18795 | Lair:3   | Found a staircase to the Snake Pit.
 18981 | Lair:3   | Found a dark tunnel.
 18997 | Volcano  | Entered a volcano
 19004 | Volcano  | Learned a level 5 spell: Borgnjor's Vile Clutch
 19169 | Volcano  | Noticed a red draconian
 19185 | Volcano  | Killed a red draconian
 19439 | Volcano  | Noticed an orb of fire
 19550 | Volcano  | Noticed an orb of fire
 19557 | Volcano  | Reached XP level 14. HP: 113/113 MP: 18/27
 19867 | D:5      | Bought a scroll of blinking for 195 gold pieces
 20059 | Lair:3   | Reached skill level 10 in Invocations
 20119 | Lair:3   | Learned a level 5 spell: Freezing Cloud
 20641 | Lair:3   | Found a staircase to the Swamp.
 21107 | Lair:4   | Identified the +6 falchion of the Unstoppable Queens
                  | {flame, rN+++ Will- Str-4 SInv}
 22113 | Lair:5   | Entered Level 5 of the Lair of Beasts
 22149 | Lair:5   | Found a staircase to the Slime Pits.
 22437 | Lair:5   | Identified the staff of fire "Zixtush" {rF+ rCorr Int+4
                  | Stlth+}
 22594 | Lair:5   | Identified the ring "Daretum" {rCorr Str+4}
 23202 | Lair:5   | Reached skill level 10 in Short Blades
 23202 | Lair:5   | Reached skill level 10 in Axes
 23202 | Lair:5   | Reached skill level 10 in Maces & Flails
 23202 | Lair:5   | Reached skill level 10 in Polearms
 23202 | Lair:5   | Reached skill level 10 in Staves
 23202 | Lair:5   | Reached skill level 10 in Ranged Weapons
 23202 | Lair:5   | Reached skill level 10 in Throwing
 23202 | Lair:5   | Reached skill level 10 in Armour
 23202 | Lair:5   | Reached skill level 10 in Stealth
 23202 | Lair:5   | Reached skill level 10 in Shields
 23202 | Lair:5   | Reached skill level 10 in Unarmed Combat
 23202 | Lair:5   | Reached skill level 10 in Spellcasting
 23202 | Lair:5   | Reached skill level 10 in Evocations
 23473 | Lair:5   | Reached XP level 15. HP: 120/120 MP: 29/29
 23703 | Lair:5   | Identified 3 scrolls of acquirement
 23707 | Lair:5   | Acquired 1043 gold pieces
 23709 | Lair:5   | Acquired the +0 pair of gloves of the Ubiquitous God {+Inv
                  | Will+ Int-2}
 23711 | Lair:5   | Acquired the +2 pair of boots "Memuny" {rCorr Str+4 Slay+2}
 24097 | Orc:1    | Entered Level 1 of the Orcish Mines
 24102 | Orc:1    | Found Erimootta's Mayhem Merchandise.
 24689 | D:4      | Killed ChrisAssaf's ghost
 24695 | D:4      | Identified the ring "Affeb" {rC+ Int+6 Dex+3}
 25426 | Orc:2    | Entered Level 2 of the Orcish Mines
 25426 | Orc:2    | Found Kimucw's Book Shop.
 26074 | Orc:2    | Found a staircase to the Elven Halls.
 26109 | Orc:2    | Found Niniyth's Book Boutique.
 26141 | Orc:2    | Found Vause's Weapon Boutique.
 26297 | Orc:2    | Found Yheuwa's Antique Armour Emporium.
 26436 | Orc:2    | Found a burning altar of Makhleb.
 26694 | Orc:2    | Paralysed by something for 5 turns
 26873 | Orc:2    | Found Pedophim's Magic Scroll Emporium.
 26880 | Orc:2    | Bought a scroll of identify for 30 gold pieces
 26880 | Orc:2    | Bought a scroll of magic mapping for 112 gold pieces
 26891 | Orc:2    | Found Bacuck's Jewellery Shoppe.
 26940 | Orc:2    | Noticed Erolcha
 26945 | Orc:2    | Killed Erolcha
 26973 | Orc:2    | Found a radiant altar of Vehumet.
 26979 | Orc:2    | Found Rise's Magic Scroll Emporium.
 27013 | Orc:2    | Bought a scroll of identify for 32 gold pieces
 27014 | Orc:2    | Bought a scroll of identify for 32 gold pieces
 27014 | Orc:2    | Bought a scroll of identify for 32 gold pieces
 27016 | Orc:2    | Noticed Nergalle
 27019 | Orc:2    | Found an ancient bone altar of Kikubaaqudgha.
 27022 | Orc:2    | Killed Nergalle
 27128 | Orc:2    | Found Joanniv's Antique Armour Shoppe.
 27241 | Orc:2    | Bought a runed scarf for 264 gold pieces
 27817 | D:12     | Found Vathrui's Antique Armour Emporium.
 27894 | D:12     | Bought a pair of masterwork gloves for 228 gold pieces
 27894 | D:12     | Identified the +2 pair of gloves of the Leaf {rC+} (You
                  | bought it in a shop on level 12 of the Dungeon)
 28384 | D:13     | Found Enuufreu's Neck Hole.
 29208 | D:13     | Found a gate to the Vaults.
 29265 | D:14     | Noticed Kirke
 29391 | D:14     | Killed Kirke
 29661 | D:14     | Reached XP level 16. HP: 58/129 MP: 8/30
 30099 | D:14     | Acquired 1161 gold pieces
 30854 | Swamp:1  | Entered Level 1 of the Swamp
 31281 | Swamp:1  | Found a transporter.
 31355 | Swamp:1  | Found a transporter.
 31576 | Swamp:1  | Identified the +0 leather armour of Cekaufu {Harm Int+4
                  | SInv}
 32609 | Swamp:2  | Noticed a thorn hunter
 33036 | Swamp:2  | Killed a thorn hunter
 33167 | Swamp:2  | Identified the +0 robe of Darkness {rF+ rN+ Will+ Dex-2}
 33269 | Swamp:2  | Found a runed translucent gate.
 33270 | Swamp:2  | Found a runed translucent gate.
 33270 | Swamp:2  | Found a runed translucent gate.
 33272 | Swamp:2  | Noticed Gimnoub's ghost (veteran AtFi)
 33272 | Swamp:2  | Noticed Aqifug's ghost (adept MiGl)
 34219 | Swamp:2  | Killed Gimnoub's ghost
 34441 | Swamp:2  | Killed Aqifug's ghost
 35117 | D:14     | Reached XP level 17. HP: 109/136 MP: 22/32
 35356 | D:14     | Identified the +4 shortbow "Xonuiq" {freeze, Dex+4}
 35485 | D:14     | Found a hazy altar of Hepliaklqana.
 35501 | D:14     | Reached skill level 10 in Conjurations
 35501 | D:14     | Reached skill level 10 in Hexes
 35501 | D:14     | Reached skill level 10 in Summonings
 35501 | D:14     | Reached skill level 10 in Necromancy
 35501 | D:14     | Reached skill level 10 in Translocations
 35501 | D:14     | Reached skill level 10 in Transmutations
 35501 | D:14     | Reached skill level 10 in Fire Magic
 35501 | D:14     | Reached skill level 10 in Ice Magic
 35501 | D:14     | Reached skill level 10 in Air Magic
 35501 | D:14     | Reached skill level 10 in Earth Magic
 35501 | D:14     | Reached skill level 10 in Poison Magic
 36147 | D:15     | Entered Level 15 of the Dungeon
 36812 | D:15     | Found a staircase to the Depths.
 37154 | Depths:1 | Entered Level 1 of the Depths
 37957 | Depths:1 | Found Nyad's Antique Armour Boutique.
 37965 | Depths:1 | Bought a kite shield for 99 gold pieces
 37965 | Depths:1 | Bought a glowing helmet for 165 gold pieces
 38024 | Depths:1 | Found a one-way gate to the infinite horrors of the Abyss.
 38366 | Depths:1 | Found Pinuonoa's Weapon Boutique.
 38887 | Depths:1 | Noticed a lich
 38897 | Depths:1 | Killed a lich
 38936 | Depths:1 | Found a gateway to Hell.
 40106 | Swamp:3  | Noticed Donald
 40142 | Swamp:3  | Killed Donald
 40348 | Swamp:4  | Entered Level 4 of the Swamp
 40620 | Orc:2    | Bought a book of Alchemy for 448 gold pieces
 40626 | Orc:2    | Learned a level 5 spell: Irradiate
 41116 | Swamp:4  | Reached XP level 18. HP: 145/145 MP: 26/34
 41462 | Swamp:4  | Identified the +9 dire flail "Jelly's Death Toll" {flame,
                  | rC+ Int+7}
 42286 | Swamp:4  | Got a decaying rune of Zot
 42502 | Snake:1  | Entered Level 1 of the Snake Pit
 42637 | Snake:1  | You fall into a shaft and drop 1 floor!
 42685 | Snake:1  | Found a runed translucent door.
 42979 | Snake:1  | Noticed edwinsage's ghost (adept VSCj)
 42990 | Snake:1  | Killed edwinsage's ghost
 43813 | Snake:2  | Identified Roxanne's Teachings on Moulding
 43813 | Snake:2  | Noticed Roxanne
 43821 | Snake:2  | Killed Roxanne
 43898 | Snake:2  | Noticed Azrael
 43909 | Snake:2  | Killed Azrael
 44235 | Snake:2  | Learned a level 2 spell: Sublimation of Blood
 44844 | Snake:2  | Noticed Nikola
 44853 | Snake:2  | Killed Nikola
 45118 | Snake:3  | Reached XP level 19. HP: 153/153 MP: 22/36
 46012 | Snake:4  | Entered Level 4 of the Snake Pit
 46594 | Snake:4  | Found a runed translucent door.
 46594 | Snake:4  | Found a shimmering altar of Xom.
 46594 | Snake:4  | Noticed Sokuv's ghost (adept DECj)
 46680 | Snake:4  | Killed Sokuv's ghost
 46701 | Snake:4  | Learned a level 2 spell: Blink
 47363 | Snake:4  | Reached skill level 15 in Fighting
 47363 | Snake:4  | Reached skill level 15 in Long Blades
 47363 | Snake:4  | Reached skill level 15 in Dodging
 47507 | Snake:4  | Noticed Vashnia
 48119 | Snake:4  | Killed Vashnia
 48967 | Snake:4  | Got a serpentine rune of Zot
 49705 | Depths:2 | Noticed Grunn
 49705 | Depths:2 | Noticed a doom hound
 49705 | Depths:2 | Noticed a doom hound
 49705 | Depths:2 | Noticed a doom hound
 49714 | Depths:1 | Killed a doom hound
 49717 | Depths:1 | Noticed a bone dragon
 49721 | Depths:1 | Noticed a bone dragon
 49723 | Depths:1 | Noticed a Tzitzimitl
 50047 | Depths:2 | Reached skill level 15 in Invocations
 50255 | Depths:2 | Noticed a juggernaut
 50283 | Depths:2 | Killed a juggernaut
 50304 | Depths:2 | Reached XP level 20. HP: 44/162 MP: 13/37
 50711 | Depths:2 | Identified the +1 ring mail of Daihavuec {Harm}
 50756 | Depths:2 | Killed Grunn
 51157 | Depths:2 | Found the +9 sword of Zonguldrok {reap}
 51157 | Depths:2 | Noticed a bone dragon
 51175 | Depths:2 | Killed a bone dragon
 51428 | Depths:2 | Found Ykoiwy's Assorted Antiques.
 51431 | Depths:2 | Bought a scroll of amnesia for 192 gold pieces
 51919 | Depths:2 | Found a one-way gate leading to the halls of Pandemonium.
 52201 | Depths:2 | Noticed Saint Roka
 52216 | Depths:2 | Killed Saint Roka
 52509 | Depths:2 | Identified the +5 glaive of Truth {speed, Int+3 Dex+3}
 53106 | Depths:3 | Found a flickering gateway to a bazaar.
 53163 | Bazaar   | Entered a bazaar
 53163 | Bazaar   | Found Tyijiguj's Antique Armour Shoppe.
 53163 | Bazaar   | Found Duipt's Antique Weapon Emporium.
 53163 | Bazaar   | Found Guor's Assorted Antiques.
 53163 | Bazaar   | Found Pumnientigo's Antique Armour Shoppe.
 53181 | Bazaar   | Bought a translucent crystal plate armour for 2040 gold
                  | pieces
 53181 | Bazaar   | Identified the +10 crystal plate armour "Xuaz" {rElec rF+}
                  | (You bought it in a shop in a bazaar)
 53211 | Bazaar   | Bought a shiny helmet for 135 gold pieces
 53421 | Depths:3 | Noticed a caustic shrike
 53421 | Depths:3 | Noticed a caustic shrike
 53421 | Depths:3 | Noticed a caustic shrike
 53421 | Depths:3 | Noticed a caustic shrike
 53423 | Depths:3 | Noticed a caustic shrike
 53423 | Depths:3 | Noticed a golden dragon
 53716 | Depths:3 | Found a corrupted altar of Lugonu.
 53829 | Depths:3 | Found Muweiptoyg's Distillery.
 53832 | Depths:3 | Bought a potion of heal wounds for 55 gold pieces
 54295 | Depths:3 | Killed a golden dragon
 54301 | Depths:3 | Killed a caustic shrike
 54568 | Depths:3 | Noticed a golden dragon
 54570 | Depths:3 | a golden dragon changed into an acid blob
 54573 | Depths:3 | an acid blob changed into a caustic shrike
 54573 | Depths:3 | Noticed a caustic shrike (glowing shapeshifter)
 54576 | Depths:3 | a caustic shrike changed into an iron giant
 54576 | Depths:3 | Noticed an iron giant (glowing shapeshifter)
 54579 | Depths:3 | an iron giant changed into an acid blob
 54582 | Depths:3 | Killed a caustic shrike
 54602 | Depths:3 | Killed a caustic shrike
 54639 | Depths:3 | Killed a caustic shrike
 54667 | Depths:3 | Killed a caustic shrike
 54675 | Depths:3 | Reached XP level 21. HP: 137/170 MP: 24/39
 55133 | Depths:3 | Found Ykoimnoa's Antique Armour Shoppe.
 55190 | Depths:4 | Entered Level 4 of the Depths
 55211 | Depths:4 | Noticed a golden dragon
 55220 | Depths:4 | Killed a golden dragon
 55486 | Depths:4 | Noticed a dread lich
 55526 | Depths:4 | Found a one-way gateway to a ziggurat.
 55550 | Depths:4 | Identified the +1 dagger of Oozing Pus {freeze, Fragile rF+
                  | rN+++ Dex-2}
 56221 | Depths:4 | Noticed a golden dragon
 56237 | Depths:4 | Killed a golden dragon
 56459 | Depths:4 | Reached skill level 15 in Short Blades
 56459 | Depths:4 | Reached skill level 15 in Axes
 56459 | Depths:4 | Reached skill level 15 in Maces & Flails
 56459 | Depths:4 | Reached skill level 15 in Polearms
 56459 | Depths:4 | Reached skill level 15 in Staves
 56459 | Depths:4 | Reached skill level 15 in Ranged Weapons
 56459 | Depths:4 | Reached skill level 15 in Throwing
 56459 | Depths:4 | Reached skill level 15 in Armour
 56459 | Depths:4 | Reached skill level 15 in Stealth
 56459 | Depths:4 | Reached skill level 15 in Shields
 56459 | Depths:4 | Reached skill level 15 in Unarmed Combat
 56459 | Depths:4 | Reached skill level 15 in Spellcasting
 56459 | Depths:4 | Reached skill level 15 in Evocations
 57055 | Depths:2 | Killed a bone dragon
 57075 | Depths:2 | Killed a bone dragon
 57574 | Orc:2    | Acquired the Codex of the Unholy Throng
 57576 | Orc:2    | Acquired the +2 shield of Resistance {rF++ rC++ Will++}
 57576 | Orc:2    | Found the +2 shield of Resistance {rF++ rC++ Will++}
 57581 | Elf:1    | Entered Level 1 of the Elven Halls
 57743 | Orc:2    | Bought a book of Winter for 476 gold pieces
 57750 | Orc:2    | Learned a level 6 spell: Simulacrum
 57970 | Elf:1    | Found a runed translucent door.
 58065 | Elf:1    | Paralysed by an air elemental for 1 turns
 58184 | Elf:1    | Noticed Frances
 58191 | Elf:1    | Killed Frances
 58276 | Elf:1    | Noticed sheffield53's ghost (journeyman MiBe)
 58291 | Elf:1    | Killed sheffield53's ghost
 59203 | Elf:2    | Reached XP level 22. HP: 151/178 MP: 33/41
 59601 | Elf:2    | Found a runed translucent door.
 59634 | Elf:2    | Found a runed translucent door.
 59714 | Elf:3    | Entered Level 3 of the Elven Halls
 59941 | Elf:3    | Found Teulu's Weapon Shoppe.
 60097 | Elf:3    | Found Akkelybe's Jewellery Boutique.
 60098 | Elf:3    | Found Liprif's Book Emporium.
 60099 | Elf:3    | Found Puud's Jewellery Boutique.
 60111 | Elf:3    | Bought the ring of the Tortoise {AC+8} for 1664 gold pieces
 60111 | Elf:3    | Found the ring of the Tortoise {AC+8}
 60297 | Elf:3    | Noticed Mara
 60308 | Elf:3    | Killed Mara
 60435 | Elf:3    | Paralysed by an air elemental for 1 turns
 60437 | Elf:3    | Paralysed by an air elemental for 1 turns
 60639 | Elf:3    | Identified the +9 dagger of Drought {heavy, rN+ Str+3
                  | Int+3}
 60639 | Elf:3    | Identified the ring "Soutup" {rC+ EV+5 Slay+2}
 60996 | Elf:3    | Paralysed by a deep elf zephyrmancer for 3 turns
 61808 | Elf:3    | Identified the amulet "Isaug" {rElec rC+ Regen+}
 61822 | Elf:3    | Identified the +2 spear of the Onslaught {drain, rC+ Int+4
                  | Dex+5}
 61839 | Elf:3    | Identified the +5 morningstar "Vurch" {speed, Dex+3}
 61847 | Elf:3    | Identified the staff of fire "Hourch" {+Blink rF+}
 61852 | Elf:3    | Identified the +9 double sword of a treasure trove {spect,
                  | Drain rF+++ rN+ Int+2}
 61868 | Elf:3    | Identified the ring of Sukkief {Fly rN+}
 61876 | Elf:3    | Identified the ring of Xioczy {rF- Str+8 Dex+6 Slay-2
                  | Stlth+}
 61913 | Elf:3    | Identified the staff of fire "Jicosul" {rF+ rCorr Str+8
                  | Int-5 Dex-3}
 62271 | Vaults:1 | Entered Level 1 of the Vaults
 62626 | Vaults:1 | Got the Commentary on Attacks
 63161 | Vaults:1 | Found Poevanno's Weapon Emporium.
 63419 | Vaults:1 | Reached XP level 23. HP: 187/187 MP: 26/42
 63622 | Vaults:1 | Identified the +8 arbalest "Buvon" {freeze, rElec rC+}
 63887 | Vaults:1 | Found Kiagiole's Armour Emporium.
 64221 | Vaults:2 | Found a transporter.
 64225 | Vaults:2 | Found a bloodstained altar of Trog.
 64225 | Vaults:2 | Noticed HilariousDeathArtist's ghost (adept CeWn)
 64235 | Vaults:2 | Found a transporter.
 64435 | Vaults:2 | Noticed Aizul
 64442 | Vaults:2 | Killed Aizul
 65097 | Vaults:2 | Found a staircase to the Crypt.
 65643 | Vaults:3 | You fall into a shaft and drop 1 floor!
 65845 | Vaults:3 | Found Diempeih's General Store.
 66426 | Vaults:3 | Found a transporter.
 66465 | Vaults:3 | Found a transporter.
 66888 | Vaults:4 | Learned a level 7 spell: Orb of Destruction
 67605 | Vaults:4 | Noticed Jory
 67616 | Vaults:4 | Killed Jory
 67664 | Vaults:4 | Noticed Boris
 67671 | Vaults:4 | Killed Boris
 68196 | Vaults:4 | Noticed Bai Suzhen
 68206 | Vaults:4 | Killed Bai Suzhen
 68268 | Vaults:4 | Identified the staff of conjuration "Weppeat" {Fragile rF+
                  | Str+5 Stlth+}
 68829 | Slime:1  | Entered Level 1 of the Pits of Slime
 68837 | Slime:1  | Reached XP level 24. HP: 197/197 MP: 26/43
 71002 | Slime:5  | Entered Level 5 of the Pits of Slime
 71241 | Slime:5  | Gained mutation: You have large cloven feet. [a shining
                  | eye]
 71554 | Slime:5  | Noticed the Royal Jelly
 71564 | Slime:5  | Killed the Royal Jelly
 72010 | Slime:5  | Identified the ring of the Unkillable {rF+ rN+ MP+9 Str+2
                  | Dex+3}
 72049 | Slime:5  | Identified the +0 scale mail of the Sky {Stlth+}
 72072 | Slime:5  | Identified the staff of earth "Ewiureto" {Drain Str+2 Dex+3
                  | Stlth+}
 72108 | Slime:5  | Paralysed by a great orb of eyes for 4 turns
 72184 | Slime:5  | Got a slimy rune of Zot
 72185 | Slime:5  | Identified the staff of cold "Diugemuth" {rPois rC+ Will+}
 72212 | Slime:5  | Acquired 1060 gold pieces
 72722 | Lair:5   | Learned a level 6 spell: Iron Shot
 73363 | Depths:4 | Found a gate to the Realm of Zot.
 73425 | Depths:4 | Killed a dread lich
 73861 | Crypt:1  | Entered Level 1 of the Crypt
 74659 | Vaults:5 | Entered Level 5 of the Vaults
 74910 | Vaults:5 | Found the +3 crown of Dyrovepreva {rElec Int+2 SInv}
 74922 | Vaults:5 | Reached XP level 25. HP: 204/204 MP: 40/44
 75639 | Vaults:5 | Identified the ring "Egahu" {Wiz rF+ Dex+3}
 75679 | Vaults:5 | Noticed a dread lich
 75687 | Vaults:5 | Killed a dread lich
 75697 | Vaults:5 | Noticed a dread lich
 75708 | Vaults:5 | Killed a dread lich
 75776 | Vaults:5 | Identified the +4 scale mail of the Cockroach {*Corrode
                  | Will+++ Regen+ Dex-4}
 75837 | Vaults:5 | Reached skill level 15 in Conjurations
 75837 | Vaults:5 | Reached skill level 15 in Hexes
 75837 | Vaults:5 | Reached skill level 15 in Summonings
 75837 | Vaults:5 | Reached skill level 15 in Necromancy
 75837 | Vaults:5 | Reached skill level 15 in Translocations
 75837 | Vaults:5 | Reached skill level 15 in Transmutations
 75837 | Vaults:5 | Reached skill level 15 in Fire Magic
 75837 | Vaults:5 | Reached skill level 15 in Ice Magic
 75837 | Vaults:5 | Reached skill level 15 in Air Magic
 75837 | Vaults:5 | Reached skill level 15 in Earth Magic
 75837 | Vaults:5 | Reached skill level 15 in Poison Magic
 76053 | Vaults:5 | Identified the +5 hand axe of No Interval {antimagic, rF++
                  | Dex-3 SInv Stlth+}
 76269 | Vaults:5 | Noticed an ancient lich
 76284 | Vaults:5 | Killed an ancient lich
 76642 | Vaults:5 | Got the Handbook of Befouled Ozone
 77189 | Vaults:5 | Got a silver rune of Zot
 77193 | Vaults:5 | Identified the +1 ring mail of Dishonesty {Str+2}
 77540 | Vaults:5 | Found Guinerr's Antique Weapon Shoppe.
 78597 | Zot:1    | Entered Level 1 of the Realm of Zot
 78597 | Zot:1    | Noticed Vv
 78657 | Depths:4 | Killed Vv
 79134 | Zot:1    | Identified the +5 plate armour of Omye {+Blink rElec Str+5
                  | Slay-3}
 79561 | Zot:1    | Reached XP level 26. HP: 202/213 MP: 29/44
 79657 | Zot:1    | Identified the +7 long sword of the Depths {flame, rPois
                  | rF+ rC+ Will-}
 81936 | Zot:3    | Noticed a Killer Klown
 81948 | Zot:3    | Killed a Killer Klown
 82319 | Zot:3    | You fall into a shaft and drop 1 floor!
 82373 | Zot:3    | Identified the +0 robe of Dogma {rC+}
 83771 | Zot:3    | Acquired a book of the Warp
 83780 | Zot:3    | Learned a level 6 spell: Dispersal
 83844 | Zot:4    | Reached XP level 27. HP: 195/222 MP: 22/45
 85588 | Zot:4    | HP: 10/223 [poison (dark miasma)]
 86156 | Zot:5    | Entered Level 5 of the Realm of Zot
 86839 | Zot:5    | Noticed a dread lich
 86845 | Zot:5    | Gained mutation: You are partially covered in large bone
                  | plates. (SH +4) [a cacodemon]
 86905 | Zot:5    | Noticed an orb of fire
 86916 | Zot:5    | Killed an orb of fire
 86926 | Zot:5    | Killed a dread lich
 89265 | Zot:5    | Noticed an orb of fire
 90014 | Zot:5    | Noticed an orb of fire
 90014 | Zot:5    | Gained mutation: You are clumsy. (Dex -2) [an orb of fire]
 90027 | Zot:5    | Gained mutation: You are vulnerable to heat. (rF-) [an orb
                  | of fire]
 90028 | Zot:5    | Killed an orb of fire
 90348 | Zot:5    | Killed an orb of fire
 90881 | Zot:5    | Noticed an ancient lich
 90887 | Zot:5    | Killed an ancient lich
 91023 | Zot:5    | Got the Orb of Zot
 91580 | D:$      | Escaped with the Orb!

Illustrated notes

Levels and vault maps discovered:
D:1:      tarquinn_simple_flora_water_c, layout_basic
D:2:      layout_rooms, minmay_joined_circles, uniq_sigmund
D:3:      layout_rooms, kennysheep_slug_shrine, minmay_unequal, uniq_natasha
D:4:      layout_loops_cross, led_sif_book, elyvilon_altar_5,
          lemuel_doored_altar, ebering_ghost_inner_flame, uniq_pikel
D:5:      layout_basic, serial_shops, kennysheep_mini_moat, shop,
          nicolae_shop_bloodbath_and_beyond, nicolae_shop_statue_plus,
          uniq_menkaure
D:6:      layout_basic, minmay_temple_entry_crystal_x, uniq_prince_ribbit1
D:7:      layout_loops_cross
D:8:      layout_basic, lightli_temple_of_fire, david_lair_shrubbed,
          kennysheep_generic_room_2
D:9:      layout_basic, old_standard_altar, minmay_sticks_and_stones
D:10:     layout_layer_cave, zombieorc2_lemuel, enter_bailey_4,
          minmay_lindwurm_lava, uniq_harold
D:11:     layout_loops_ring, serial_shops, nicolae_lakefront_shop, uniq_psyche
D:12:     layout_roguey, serial_shops, nicolae_shop_dealshenge
D:13:     layout_loops_ring, grunt_vaults_entry_tiered,
          nicolae_shop_sticking_my_neck_out
D:14:     minmay_the_grid_square_5x5_5x5_mashed
          [minmay_the_grid_square_5x5_inner_v, minmay_the_grid_square_5x5_c,
          minmay_the_grid_square_5x5_checkered_statues,
          minmay_the_grid_square_5x5_minibox,
          minmay_the_grid_square_5x5_intrusive_squares,
          minmay_the_grid_square_5x5_checkered,
          minmay_the_grid_square_5x5_prize_open,
          minmay_the_grid_square_5x5_broken_cross,
          minmay_the_grid_square_5x5_prize_itemx,
          minmay_the_grid_square_5x5_detours,
          minmay_the_grid_square_5x5_inner_z,
          minmay_the_grid_square_5x5_tetrominoes,
          minmay_the_grid_square_5x5_prize_pseudospiral,
          minmay_the_grid_square_5x5_moneybag,
          minmay_the_grid_square_5x5_checkered_sparse,
          minmay_the_grid_square_5x5_mess,
          minmay_the_grid_square_5x5_prize_snowflake,
          minmay_the_grid_square_5x5_spiral_small,
          minmay_the_grid_square_5x5_prize_waves,
          minmay_the_grid_square_5x5_six, minmay_the_grid_square_5x5_spiral,
          minmay_the_grid_square_5x5_half_checkered,
          minmay_the_grid_square_5x5_fancy_junction,
          minmay_the_grid_square_5x5_six_small, minmay_the_grid_square_5x5_tie],
          layout_basic, nicolae_hepliaklqana_hazy_memory, uniq_kirke
D:15:     grunt_enter_depths_snipers, layout_long_grid
Temple:   nicolae_temple_bog_church
Lair:1:   layout_big_grid, portal_ice_cave_rime
Lair:2:   layout_big_grid, basic_altar, hellmonk_guarded_unrand_zhor,
          lemuel_fruit_fields
Lair:3:   layout_concentric_octagons, palyth_hydra_swamp_entry,
          guppyfry_snake_entry_island, nicolae_volcano_entry_two_sided,
          serial_bayou_lagoon_a, kennysheep_abandoned_house,
          serial_bayou_shore_b, infiniplex_staircase_pool, lemuel_fruit_fields
Lair:4:   minmay_lair_venomous_thicket, layout_regular_city,
          beast_lair_carwin_9, serial_bayou_shore_a, grunt_megastairs_5
Lair:5:   evilmike_catoblepas_cave, layout_hall_layers, slime_entry_1
Swamp:1:  gammafunk_worm_tunnel, layout_basic_swamp,
          evilmike_swamp_ruin_house_3, infiniplex_staircase_pool_2
Swamp:2:  nicolae_swamp_wrong_neighborhood, layout_basic_swamp,
          gammafunk_ghost_cemetery, evilmike_swamp_ruin_rubble_2
Swamp:3:  layout_falls_marsh, nicolae_swamp_little_tower, uniq_donald
Swamp:4:  nzn_swamp_witches_coven, layout_basic_swamp
Snake:1:  layout_layer_cave, hellmonk_ghost_happy_afterlife, st_stairs_9,
          grunt_megastairs_2
Snake:2:  layout_honeycomb, minmay_snake_pond, uniq_azrael, uniq_roxanne,
          uniq_nikola
Snake:3:  layout_onion_interference, nicolae_snake_salamander_fort
Snake:4:  grunt_snake_rune_serpentine_throne, layout_cave_town,
          ebering_ghost_xom
Slime:1:  layout_caves
Slime:2:  layout_caves, nicolae_slime_barrier
Slime:3:  layout_caves
Slime:4:  layout_caves
Slime:5
Orc:1:    layout_caves, minmay_shop_mayhem, mines3_lemuel
Orc:2:    kennysheep_orc_mage_school, layout_caves, serial_shops,
          nicolae_shop_waterfront, nicolae_shop_tiny_statue_garden, shop, shop,
          bloody_makhleb
Elf:1:    layout_rooms, ebering_ghost_reflecting_pool, minivault_28,
          uniq_frances
Elf:2:    nicolae_elf_blades_splatter_lattice
          [nicolae_blade_entry_splitting_headache], layout_geoelf_grid,
          uniq_asterion
Elf:3:    elf_hall, layout_geoelf_octagon, serial_shops, shop,
          minmay_shop_grove, uniq_mara
Vaults:1: v_pattern_4, nicolae_vaults_closet_pinwheel_1,
          nicolae_vaults_shelves_hall, hangedman_vaults_maws,
          nicolae_vaults_two_Ls, nicolae_vaults_network_barrier,
          nicolae_vaults_taking_the_gang_shopping,
          vaults_room_grunt_arrival_ludios, layout_vaults_omnigrid,
          serial_shops, shop_statue
Vaults:2: gammafunk_ghost_wrathful_warriors, hangedman_vaults_corner,
          v_pattern_3, nicolae_vaults_alarming, grunt_vaults_funnel,
          ontoclasm_vaults_chip, vaults_standard_mumra_enter_the_diamond,
          minmay_crypt_entry_nasty_monster, vaults_mumra_lcd,
          nicolae_vaults_double_plus_1, layout_vaults_big_room, uniq_aizul
Vaults:3: nicolae_vaults_door_testing_chamber, vaults_room_door_hall,
          gammafunk_its_a_trap, dpeg_vaults_monster_box, vaults_dpeg_hooks,
          nicolae_vaults_specimen_jars, v_misc_14, vaults_room_boxed,
          nicolae_vaults_tangram_1, vaults_mumra_chevron, v_alt_pattern_1,
          nicolae_vaults_closet_pinwheel_1, layout_vaults_maze_bifur,
          serial_shops, shop
Vaults:4: nicolae_vaults_little_squares_6, v_misc_9,
          nicolae_vaults_more_shelving_2, nicolae_vaults_house_1,
          nicolae_vaults_network_square, v_misc_16,
          nicolae_vaults_circle_grid_b, v_alt_pattern_2, v_misc_10,
          nicolae_vaults_trapezoid_lopsided_3, layout_vaults_omnibox,
          uniq_boris, uniq_jory, uniq_bai_suzhen
Vaults:5
Crypt:1:  layout_misc_corridors, grunt_ministairs_1
Depths:1: layout_cave_shapes, grunt_hell_entry_dis_grunt, abyss_entry,
          chequers_hall_statues_corner_a, hangedman_decor_points,
          kennysheep_generic_room_10, minmay_shop_star
Depths:2: hangedman_cross_veins, layout_gridlike, rand_demon_pan_entry_4,
          chequers_jeans, serial_shops, kennysheep_mini, hell_entry,
          minmay_guarded_unrand_zonguldrok, uniq_saint_roka, uniq_grunn
Depths:3: grunt_deathspiral_small, layout_twisted_cross,
          abyss_entry_flame_altar, kennysheep_nondescript, hell_entry,
          serial_shops, bzr_entry_lakeside, nicolae_shop_tiny_glass,
          nicolae_shop_window_shopping
Depths:4: evilmike_zot_entry_round, layout_gridlike, enter_ziggurat_d,
          serial_sigils_hangedman_shear, hell_entry
Zot:1:    layout_concentric_octagons, lemuel_baited_zot_trap, st_stairs_11,
          uniq_vv
Zot:2:    layout_gridlike, zot_minivault_1
Zot:3:    cheibrodos_zot_enchanting_chambers, layout_cathedral_of_symmetry,
          lemuel_baited_zot_trap, hangedman_swamp_dais
Zot:4:    lemuel_draconian_sentries, layout_onion_interference
Zot:5:    layout_gridlike

Skill      XL: |  1  2  3  4  5  6  7  8  9 10 11 12 13 14 15 16 17 18 19 20 21 22 23 24 25 26 27 |
---------------+----------------------------------------------------------------------------------+-----
Invocations    | 1 2 3 4 5 6 7 8 9 10 11 12 13 14 15 16 17 18 19 20 | 20.9
Short Blades   | 1 2 3 5 6 7 8 9 10 11 12 13 14 15 16 17 18 19 | 19.3
Axes           | 1 2 3 5 6 7 8 9 10 11 12 13 14 15 16 17 18 19 | 19.3
Maces & Flails | 1 2 3 5 6 7 8 9 10 11 12 13 14 15 16 17 18 19 | 19.3
Polearms       | 1 2 3 5 6 7 8 9 10 11 12 13 14 15 16 17 18 19 | 19.3
Staves         | 1 2 3 5 6 7 8 9 10 11 12 13 14 15 16 17 18 19 | 19.3
Ranged Weapons | 1 2 3 5 6 7 8 9 10 11 12 13 14 15 16 17 18 19 | 19.3
Throwing       | 1 2 3 5 6 7 8 9 10 11 12 13 14 15 16 17 18 19 | 19.3
Armour         | 1 2 3 5 6 7 8 9 10 11 12 13 14 15 16 17 18 19 | 19.3
Stealth        | 1 2 3 5 6 7 8 9 10 11 12 13 14 15 16 17 18 19 | 19.3
Shields        | 1 2 3 5 6 7 8 9 10 11 12 13 14 15 16 17 18 19 | 19.3
Unarmed Combat | 1 2 3 5 6 7 8 9 10 11 12 13 14 15 16 17 18 19 | 19.3
Spellcasting   | 1 2 3 5 6 7 8 9 10 11 12 13 14 15 16 17 18 19 | 19.3
Evocations     | 1 2 3 5 6 7 8 9 10 11 12 13 14 15 16 17 18 19 | 19.3
Conjurations   | 1 2 3 4 5 6 7 8 9 10 11 12 13 14 15 16 | 16.5
Hexes          | 1 2 3 4 5 6 7 8 9 10 11 12 13 14 15 16 | 16.5
Summonings     | 1 2 3 4 5 6 7 8 9 10 11 12 13 14 15 16 | 16.5
Necromancy     | 1 2 3 4 5 6 7 8 9 10 11 12 13 14 15 16 | 16.5
Translocations | 1 2 3 4 5 6 7 8 9 10 11 12 13 14 15 16 | 16.5
Transmutations | 1 2 3 4 5 6 7 8 9 10 11 12 13 14 15 16 | 16.5
Fire Magic     | 1 2 3 4 5 6 7 8 9 10 11 12 13 14 15 16 | 16.5
Ice Magic      | 1 2 3 4 5 6 7 8 9 10 11 12 13 14 15 16 | 16.5
Air Magic      | 1 2 3 4 5 6 7 8 9 10 11 12 13 14 15 16 | 16.5
Earth Magic    | 1 2 3 4 5 6 7 8 9 10 11 12 13 14 15 16 | 16.5
Poison Magic   | 1 2 3 4 5 6 7 8 9 10 11 12 13 14 15 16 | 16.5
Fighting       | 7 8 9 10 11 12 13 14 15 16 17 18 19 20 | 20.2
Long Blades    | 7 8 9 10 11 12 13 14 15 16 17 18 19 20 | 20.2
Dodging        | 7 8 9 10 11 12 13 14 15 16 17 18 19 20 | 20.2

Action                     |  1- 3 |  4- 6 |  7- 9 | 10-12 | 13-15 | 16-18 | 19-21 | 22-24 | 25-27 || total
---------------------------+-------+-------+-------+-------+-------+-------+-------+-------+-------++-------
  Melee: Falchion          |    91 |   171 |       |       |       |       |       |       |       ||   262
         Bite              |     9 |    20 |    25 |   110 |    64 |    43 |   118 |   137 |    92 ||   618
         Punch             |       |     4 |     7 |    38 |    41 |     9 |       |       |       ||    99
         War axe           |       |    44 |   172 |       |       |       |       |       |       ||   216
         Morningstar       |       |       |    26 |   697 |   401 |   238 |   236 |       |       ||  1598
         Staff             |       |       |       |       |     2 |       |     1 |     8 |       ||    11
         Double sword      |       |       |       |       |       |       |   294 |   593 |   394 ||  1281
   Fire: Sling             |       |       |       |    14 |       |       |       |       |       ||    14
         Greatsling        |       |       |       |       |   443 |   588 |   646 |   335 |   446 ||  2458
  Throw: Dart              |       |    18 |     6 |       |       |       |       |       |       ||    24
         Javelin           |       |     6 |       |     6 |     2 |       |     1 |     2 |    14 ||    31
         Throwing net      |       |       |     2 |     2 |       |       |       |       |       ||     4
   Cast: Static Discharge  |       |       |    10 |     2 |       |       |       |       |       ||    12
         Lesser Beckoning  |       |       |       |    46 |     8 |    13 |     1 |     3 |     1 ||    72
         Mephitic Cloud    |       |       |       |    22 |     7 |     3 |       |       |       ||    32
         Tukima's Dance    |       |       |       |    15 |       |       |     1 |       |       ||    16
         Teleport Other    |       |       |       |     2 |     5 |     1 |     6 |     3 |     1 ||    18
         Airstrike         |       |       |       |     3 |    28 |    45 |    21 |    55 |    36 ||   188
         Volatile Blastmot |       |       |       |     1 |       |       |       |       |       ||     1
         Portal Projectile |       |       |       |       |    40 |     2 |    11 |    10 |    21 ||    84
         Borgnjor's Vile C |       |       |       |       |    79 |   175 |   144 |   114 |   144 ||   656
         Freezing Cloud    |       |       |       |       |    61 |   109 |    51 |    98 |    51 ||   370
         Irradiate         |       |       |       |       |       |     3 |     6 |       |     1 ||    10
         Sublimation of Bl |       |       |       |       |       |       |     1 |     6 |    24 ||    31
         Simulacrum        |       |       |       |       |       |       |       |    40 |    79 ||   119
         Orb of Destructio |       |       |       |       |       |       |       |     3 |       ||     3
         Iron Shot         |       |       |       |       |       |       |       |    15 |    68 ||    83
         Blink             |       |       |       |       |       |       |       |       |     2 ||     2
 Invoke: Slouch            |       |       |       |     2 |       |     1 |     1 |       |       ||     4
         Step From Time    |       |       |       |     1 |       |       |     1 |       |       ||     2
  Evoke: Wand              |       |       |     1 |    18 |       |    20 |       |       |       ||    39
         Lightning rod     |       |       |       |       |       |       |     5 |     2 |       ||     7
         Phantom mirror    |       |       |       |       |       |       |     2 |     1 |     1 ||     4
         Box of beasts     |       |       |       |       |       |       |     2 |       |       ||     2
         Condenser vane    |       |       |       |       |       |       |     1 |       |       ||     1
    Use: Scroll            |     2 |     6 |     5 |     9 |    12 |     8 |     9 |     5 |    10 ||    66
         Potion            |       |       |       |     2 |     1 |     5 |     6 |     3 |     8 ||    25
   Stab: Sleeping          |     1 |       |       |     1 |       |     1 |       |       |       ||     3
         Confused          |       |       |       |    15 |    10 |       |       |       |       ||    25
         Distracted        |       |       |       |     2 |       |       |       |    15 |     6 ||    23
         Invisible         |       |       |       |     7 |       |     3 |       |       |       ||    10
         Paralysed         |       |       |       |       |       |     5 |       |       |       ||     5
 Armour: Robe              |     6 |       |       |       |       |       |       |       |       ||     6
         Ring mail         |    13 |    52 |       |       |       |       |       |       |       ||    65
         Chain mail        |       |    18 |   132 |   427 |   222 |   120 |   118 |       |       ||  1037
         Crystal plate arm |       |       |       |       |       |       |   158 |   478 |   336 ||   972
  Dodge: Dodged            |    62 |   138 |   159 |   932 |   516 |   305 |   391 |   512 |   415 ||  3430
  Block: Kite shield       |       |       |       |       |       |   101 |   483 |   640 |   509 ||  1733
         Buckler           |       |       |       |       |       |    34 |       |       |       ||    34
         Reflection        |       |       |       |       |       |    12 |    50 |    51 |    25 ||   138
